 Dungeon Crawl Stone Soup version 0.22-a0-412-g2b68d144a4 (webtiles) character file.

2621 Kriby the Grappler (level 9, -2/89 HPs)
             Began as a Troll Monk on May 12, 2018.
             Slain by a wyvern (7 damage)
             ... on level 9 of the Dungeon.
             The game lasted 00:06:01 (5861 turns).

Kriby the Grappler (Troll Monk)                     Turns: 5861, Time: 00:06:01

Health: -2/89      AC:  5    Str: 24    XL:     9   Next: 34%
Magic:  8/8        EV: 12    Int:  6    God:
Gold:   117        SH:  0    Dex: 12    Spells: 8/8 levels left

rFire    . . .     SeeInvis .     - Unarmed
rCold    . . .     Gourm    +   (no shield)
rNeg     . . .     Faith    .   a - +0 robe
rPois    .         Spirit   .   (helmet restricted)
rElec    .         Reflect  .   (no cloak)
rCorr    .         Harm     .   (gloves unavailable)
MR       .....                  (boots unavailable)
Stlth    +.........             (no amulet)
HPRegen  0.64/turn              (no ring)
MPRegen  0.11/turn              (no ring)

@: marked, drained
A: large, unfitting armour, claws 3, fast metabolism 3, gourmand, regeneration
1, shaggy fur 1, tough skin 2
a: no special abilities


You were on level 9 of the Dungeon.
You were not hungry.

You visited 1 branch of the dungeon, and saw 9 of its levels.
You also visited: Sewer.

You collected 540 gold pieces.
You spent 423 gold pieces at shops.

Inventory:

Missiles
 h - 3 silver javelins (quivered)
Armour
 a - a +0 robe (worn)
Jewellery
 f - an uncursed ring of protection from cold {unknown}
 i - an uncursed ring of see invisible {unknown}
 s - a cursed ring of teleportation {unknown}
 y - a cursed ring of loudness {unknown}
Scrolls
 c - 3 scrolls of teleportation
 e - 10 scrolls of identify
 k - 2 scrolls of magic mapping
 l - 5 scrolls of blinking
 m - 3 scrolls of fog
 n - 3 scrolls of immolation {unknown}
 o - 9 scrolls of remove curse {unknown}
 u - a scroll of enchant weapon {unknown}
 v - a scroll of random uselessness {unknown}
 x - a scroll of fear {unknown}
 z - a scroll of enchant armour {unknown}
 A - a scroll of noise {unknown}
 C - a scroll of amnesia {unknown}
Potions
 d - 3 potions of heal wounds
 g - a potion of ambrosia {unknown}
 j - 2 potions of mutation {unknown}
 p - 2 potions of curing {unknown}
 q - 2 potions of berserk rage {unknown}
 r - a potion of flight {unknown}
 t - a potion of might {unknown}
 w - a potion of lignification {unknown}
 B - a potion of resistance {unknown}
Comestibles
 b - 10 rations


   Skills:
 + Level 5.8(5.2) Fighting
 + Level 5.8(5.2) Dodging
 - Level 1.0(0.5) Stealth
 * Level 9.6(8.9) Unarmed Combat


You had 8 spell levels left.
You didn't know any spells.
Your spell library contained the following spells:

 Spells                   Type           Power        Failure   Level  Hunger
 Mephitic Cloud           Conj/Pois/Air  #.......     83%         3    ####...
 Venom Bolt               Conj/Pois      #.........   100%        5    ######.
 Olgreb's Toxic Radiance  Pois           #.......     99%         4    #####..
 Sting                    Conj/Pois      #...         45%         1    ##.....
 Spider Form              Tmut/Pois      #.........   83%         3    ####...
 Blade Hands              Tmut           #.........   100%        5    ######.
 Ice Form                 Ice/Tmut       #.......     99%         4    #####..
 Sticks to Snakes         Tmut           #.......     58%         2    ###....
 Beastly Appendage        Tmut           #.....       45%         1    ##.....
 Poisonous Vapours        Pois/Air       #.....       58%         2    ###....


Dungeon Overview and Level Annotations

Branches:
Dungeon (9/15)             Temple (0/1) D:7
   Lair: D:8-11         Orc: D:9-12

Altars:
Ashenzari
Gozag
Hepliaklqana
Kikubaaqudgha
Nemelex Xobeh
Ru
Sif Muna
Trog
Uskayaw
Yredelemnul
Zin
The Shining One

Shops:
D:5 ?   D:6 **:=?   D:7 ?

Annotations:
D:9 Psyche


Innate Abilities, Weirdness & Mutations

You are too large for most types of armour.
You have claws for hands.
Your metabolism is lightning-fast.
You like to eat raw meat.
Your natural rate of healing is unusually fast.
You are covered in fur. (AC +1)
You have very tough skin. (AC +2)


Message History

You scratch the worker ant.
You kill the worker ant!
The wight closely misses you.
A wyvern and Psyche come into view.
Psyche is wielding a dagger of chaos.
You closely miss the wyvern. The wyvern bites you!
You scratch the wyvern but do no damage.
The wight hits you with a long sword!
You feel drained.
* * * LOW HITPOINT WARNING * * *
The wyvern bites you!
* * * LOW HITPOINT WARNING * * *
You barely miss the wyvern.
The worker ant waves its antennae.
The wyvern misses you. The wight hits you with a long sword.
* * * LOW HITPOINT WARNING * * *
You feel drained.
* * * LOW HITPOINT WARNING * * *
You scratch the wyvern.
The wyvern is lightly wounded.
The wyvern bites you!
You die...

## ..# .a
#.######
#.##>z..a.# #
#.......#a####.#
####.##.@zzz@l<#
#. ###F###### .
#.# ## ..# ####


You could see Psyche, a wyvern, a bullfrog, a worker ant and 3 wights.

Vanquished Creatures
  2 hornets (D:8)
  Sigmund (D:1)
  A wyvern (D:9)
  A spriggan (D:7)
  2 ice beasts
  2 phantoms
  2 centaurs
  An ogre (D:7)
  A big kobold (D:7)
  4 bullfrogs
  4 crimson imps
  An orc wizard (D:3)
  A quasit (D:8)
  A hound (D:6)
  Jessica (D:2)
  2 iguanas
  5 worker ants
  Terence (D:2)
  A killer bee zombie (D:5)
  2 hound zombies
  A hound skeleton (D:6)
  11 gnolls
  5 adders
  A shadow imp (D:7)
  2 oozes
  An adder skeleton (D:5)
  An adder zombie (D:6)
  3 worms
  2 dart slugs
  12 leopard geckos
  11 orcs
  2 ball pythons
  7 giant cockroaches
  4 goblins
  10 hobgoblins
  11 jackals
  15 kobolds
  3 quokkas
  9 bats
  11 frilled lizards
  A giant cockroach zombie (D:4)
  2 goblin skeletons (D:7)
  A goblin zombie (D:7)
  2 hobgoblin zombies (D:7)
  2 jackal skeletons
  A kobold skeleton (D:7)
  2 kobold zombies (D:7)
  An orc skeleton (D:7)
  3 orc zombies (D:7)
  A quokka skeleton (D:6)
  6 rats
180 creatures vanquished.

Vanquished Creatures (others)
  A fungus (D:9)
1 creature vanquished.

Grand Total: 181 creatures vanquished

Notes
Turn   | Place    | Note
-------+----------+-------------------------------------------
     0 | D:1      | Kriby the Troll Monk began the quest for the Orb.
     0 | D:1      | Reached XP level 1. HP: 22/22 MP: 0/0
    54 | D:1      | Reached XP level 2. HP: 25/29 MP: 1/1
   273 | D:1      | Reached XP level 3. HP: 12/36 MP: 2/2
   590 | D:2      | Noticed Sigmund
   599 | D:1      | Killed Sigmund
   599 | D:1      | Reached skill level 4 in Unarmed Combat
   599 | D:1      | Reached XP level 4. HP: 38/45 MP: 3/3
   599 | D:1      | Reached XP level 5. HP: 44/53 MP: 4/4
   616 | D:2      | Reached skill level 5 in Unarmed Combat
   666 | D:2      | Noticed Terence
   677 | D:2      | Killed Terence
   711 | D:2      | Found a basalt altar of Yredelemnul.
   726 | D:2      | Reached XP level 6. HP: 21/61 MP: 5/5
   812 | D:2      | Noticed Jessica
   816 | D:2      | Killed Jessica
  1205 | D:3      | Found a faded altar of an unknown god.
  2107 | D:4      | Reached skill level 6 in Unarmed Combat
  2209 | D:4      | Reached XP level 7. HP: 65/70 MP: 6/6
  2392 | D:4      | Noticed a moth of wrath
  2395 | D:4      | Found a bloodstained altar of Trog.
  2526 | D:5      | Entered Level 5 of the Dungeon
  2542 | D:5      | Found a shattered altar of Ashenzari.
  2755 | D:5      | Found Saujoc's Magic Scroll Shop.
  2763 | D:5      | Bought a scroll of fog for 24 gold pieces
  2763 | D:5      | Bought a scroll of magic mapping for 42 gold pieces
  2763 | D:5      | Bought a scroll of identify for 24 gold pieces
  2879 | D:5      | Found an ancient bone altar of Kikubaaqudgha.
  2879 | D:5      | Found a hide-covered altar of Uskayaw.
  2881 | D:5      | Found a sacrificial altar of Ru.
  2952 | D:5      | Found a glowing drain.
  3044 | Sewer    | Entered a sewer
  3246 | Sewer    | Reached skill level 7 in Unarmed Combat
  3402 | D:5      | Found a glowing silver altar of Zin.
  3707 | D:6      | Reached XP level 8. HP: 79/79 MP: 7/7
  3710 | D:6      | Found Cuvev's Magic Scroll Shop.
  3713 | D:6      | Bought a scroll of teleportation for 36 gold pieces
  3713 | D:6      | Bought a scroll of blinking for 90 gold pieces
  3730 | D:6      | Found Nuekhleoj's Jewellery Emporium.
  3777 | D:6      | Found Kobulug's Book Shoppe.
  3823 | D:6      | Found Wat Qiaty's Assorted Antiques.
  3826 | D:6      | Bought a scroll labeled BUELYL POMAAT for 25 gold pieces
  3826 | D:6      | Bought a scroll labeled OHAIMOETEA for 25 gold pieces
  3826 | D:6      | Bought a scroll labeled SUISIW IPHEW for 25 gold pieces
  3826 | D:6      | Bought a scroll labeled OHAIMOETEA for 25 gold pieces
  3826 | D:6      | Bought a scroll labeled OHAIMOETEA for 25 gold pieces
  3826 | D:6      | Bought an emerald potion for 22 gold pieces
  3902 | D:6      | Found an opulent altar of Gozag.
  3902 | D:6      | Found a sparkling altar of Nemelex Xobeh.
  4018 | D:6      | Found Cokasharr's General Store.
  4028 | D:6      | Bought a potion of heal wounds for 60 gold pieces
  4096 | D:6      | Reached skill level 8 in Unarmed Combat
  4126 | D:7      | Found Caxzoimp's Magic Scroll Emporium.
  4127 | D:7      | Reached skill level 5 in Fighting
  4127 | D:7      | Reached skill level 5 in Dodging
  4226 | D:7      | Found a hazy altar of Hepliaklqana.
  4620 | D:7      | Found a glowing golden altar of the Shining One.
  4698 | D:7      | Found a staircase to the Ecumenical Temple.
  4793 | D:7      | Found a deep blue altar of Sif Muna.
  5260 | D:8      | Noticed a hornet
  5266 | D:8      | Paralysed by a hornet for 2 turns
  5271 | D:8      | Killed a hornet
  5271 | D:8      | Reached skill level 9 in Unarmed Combat
  5271 | D:8      | Reached XP level 9. HP: 19/88 MP: 8/8
  5434 | D:8      | Paralysed by a hornet for 2 turns
  5698 | D:8      | Noticed a six-headed hydra
  5858 | D:9      | Noticed Psyche
  5860 | D:9      | HP: 4/89 [wight/long sword (1)]
  5861 | D:9      | Slain by a wyvern

Vault maps used:
D:1:      dpeg_arrival_rooms_c, grunt_decor_cap
D:2:      yredelemnul_altar_generic, uniq_sigmund, uniq_terence, uniq_jessica
D:3:      chequers_ecumenical_altar_simple
D:4:      tgw_trog, first_ration
D:5:      kennysheep_spiral_hall, zin_treasury, grunt_temple_overflow_open,
          evilmike_ruin_ashenzari, portal_sewer_entry_f, serial_shops,
          nicolae_shop_stone, columned_hall_lemuel
D:6:      grunt_temple_overflow_opulence, serial_shops,
          nicolae_shop_competitors_out_of_business, shop,
          nicolae_shop_window_shopping, shop, nicolae_shop_crystal,
          minmay_misc_feat_encased
D:7:      kennysheep_mini, nicolae_tso_besieged_by_evil,
          overflow_temple_1_default, temple_doors_e, serial_shops, shop,
          the_bakery
D:8:      serial_shops, shop, nzn_random_ring
D:9:      vehumet_crystals, minmay_lair_entry_grove, serial_bayou_ford_a,
          uniq_psyche
Sewer:    sewer_frog_island_01

Skill      XL: |  1  2  3  4  5  6  7  8 |
---------------+-------------------------+-----
Fighting       | 3 4 5 |  5.8
Dodging        | 3 4 5 |  5.8
Unarmed Combat | 4 5 6 7 9 |  9.6
Stealth        | |  1.0

Action                   |  1- 3 |  4- 6 |  7- 9 || total
-------------------------+-------+-------+-------++-------
Melee: Unarmed           |    55 |   157 |   244 ||   456
       Punch             |       |     1 |    13 ||    14
  Use: Scroll            |       |       |     2 ||     2
       Potion            |       |       |     1 ||     1
 Stab: Sleeping          |     1 |       |     1 ||     2
  Eat: Chunk             |     8 |    18 |    23 ||    49
       Ration            |       |       |     1 ||     1
Armor: Robe              |    20 |    51 |    76 ||   147
Dodge: Dodged            |    38 |   106 |   168 ||   312

Table legend:
 A = Spawn XP
 B = Non-spawn XP
 C = Spawn XP percentage of total XP
 D = Spawn monster count
 E = Non-spawn monster count
 F = Spawn count percentage of total count
 G = Total turns spent on level
                    A         B        C        D         E        F      G
               +---------+---------+-------+---------+---------+-------+---------
         Total |       0 |    3745 |   0.0 |       0 |     180 |   0.0 |  5861
               +---------+---------+-------+---------+---------+-------+---------
           D:1 |       0 |     297 |   0.0 |       0 |      30 |   0.0 |   608
           D:2 |       0 |     177 |   0.0 |       0 |      19 |   0.0 |   505
           D:3 |       0 |     145 |   0.0 |       0 |      27 |   0.0 |   821
           D:4 |       0 |     287 |   0.0 |       0 |      22 |   0.0 |   592
           D:5 |       0 |     354 |   0.0 |       0 |      16 |   0.0 |   964
           D:6 |       0 |     410 |   0.0 |       0 |      11 |   0.0 |   484
           D:7 |       0 |     713 |   0.0 |       0 |      25 |   0.0 |   679
           D:8 |       0 |     978 |   0.0 |       0 |      10 |   0.0 |   876
           D:9 |       0 |     248 |   0.0 |       0 |       2 |   0.0 |   119
         Sewer |       0 |     136 |   0.0 |       0 |      18 |   0.0 |   213
               +---------+---------+-------+---------+---------+-------+---------
